 Seeded DCSS version 0.27.1-34-g3ba077fa99 (webtiles) character file.

Game seed: 1804034943127337514 (custom seed)

131 hikkokomori the Skirmisher (level 5, -2/55 HPs)
             Began as an Ogre Fighter on Feb 2, 2022.
             Slain by an orc (5 damage)
             ... on level 4 of the Dungeon.
             The game lasted 00:03:48 (2171 turns).

hikkokomori the Skirmisher (Ogre Fighter)           Turns: 2171, Time: 00:03:48

Health: -2/55      AC:  3    Str: 21    XL:     5   Next: 14%
Magic:  5/5        EV:  8    Int:  9    God:
Gold:   103        SH:  8    Dex:  8    Spells: 4/4 levels left

rFire    . . .     SeeInvis .   a - +0 trident
rCold    . . .     Faith    .   c - +0 kite shield
rNeg     . . .     Spirit   .   b - +0 robe
rPois    .         Reflect  .   (helmet restricted)
rElec    .         Harm     .   (no cloak)
rCorr    .         Rampage  .   (gloves unavailable)
Will     .....                  (boots unavailable)
Stlth    +.........             (no amulet)
HPRegen  0.18/turn              (no ring)
MPRegen  0.09/turn              (no ring)

@: mighty, lethally poisoned (-2 -> -4)
A: large, unfitting armour, tough skin 1
a: no special abilities


You were on level 4 of the Dungeon.
You visited 1 branch of the dungeon, and saw 4 of its levels.

You collected 103 gold pieces.

Inventory:

Hand Weapons
 a - a +0 trident (weapon)
Armour
 b - a +0 robe (worn)
 c - a +0 kite shield (worn)
 k - a +0 cloak
Jewellery
 g - a ring of positive energy
Scrolls
 i - a scroll of teleportation {unknown}
Potions
 d - a potion of might
 e - a potion of degeneration {unknown}
 f - a potion of magic {unknown}
 h - 2 potions of attraction {unknown}
 j - 2 potions of flight {unknown}


   Skills:
 + Level 4.9 Fighting
 + Level 2.8 Polearms
 + Level 1.4 Armour
 + Level 3.3 Dodging
 + Level 3.3 Shields
 + Level 0.0 Spellcasting


You had 4 spell levels left.
You didn't know any spells.
Your spell library contained the following spells:

 Spells                   Type           Power      Damage    Failure   Level
 Foxfire                  Conj/Fire      0%         2x1d4     80%         1
 Conjure Flame            Conj/Fire      0%         6-21      99%         3
 Inner Flame              Hex/Fire       0%         N/A       99%         3


Dungeon Overview and Level Annotations

Branches:
Dungeon (4/15)
 Temple: D:4-7

Altars:


Innate Abilities, Weirdness & Mutations

You are too large for most types of armour.
You have tough skin. (AC +1)


Message History

You are more poisoned.
The adder poisons you!
You barely miss the adder.
The adder is severely wounded.
You feel sick. You block the adder's attack. You block the orc's attack.
You block the adder's attack.
The orc hits you from afar with a +0 trident.
You barely miss the adder.
The adder is severely wounded.
You feel sick. The adder bites you.
The orc hits you from afar with a +0 trident.
You block the adder's attack.
You barely miss the adder.
The adder is severely wounded.
You feel sick. The orc barely misses you. You block the adder's attack.
You completely miss the adder.
The adder is severely wounded.
You feel sick. You block the adder's attack.
The orc hits you from afar with a +0 trident.
* * * LOW HITPOINT WARNING * * *
The adder bites you.
* * * LOW HITPOINT WARNING * * *
You are more poisoned.
The adder poisons you! You block the orc's attack.
You puncture the adder!
You kill the adder!
You feel sick. The hound closely misses you.
The orc hits you from afar with a +0 trident.
* * * LOW HITPOINT WARNING * * *
Unknown command.
You completely miss the hound.
You feel sick. You block the hound's attack. The hound bites you.
* * * LOW HITPOINT WARNING * * *
You block the orc's attack. The hound barely misses you.
Unknown command.
You feel very mighty all of a sudden.
* * * LOW HITPOINT WARNING * * *
You feel sick.
The orc hits you from afar with a +0 trident.
You die...

.... ###. .....
####......
..<..###.........
.....#...........
<......<.........
...........#.....
..........###....
...(.....##)##...
##.......@h.#....
#.....#.##o##.#.
(.....####...####
.....##$...=...(#
......####...####
.......#J##.##.#.
..........#.#....
:...#....##(##..#


You could see a hound, an orc and an endoplasm.

Vanquished Creatures
  A scorpion (D:3)
  4 adders
  A worm (D:3)
  3 dart slugs
  3 ball pythons
  2 bats (D:1)
  3 endoplasms
  2 giant cockroaches (D:2)
  4 goblins
  2 quokkas (D:1)
  3 frilled lizards
  2 kobolds
  4 rats
34 creatures vanquished.

Notes
Turn   | Place    | Note
-------+----------+-------------------------------------------
     0 | D:1      | hikkokomori the Ogre Fighter began the quest for the Orb.
     0 | D:1      | Reached XP level 1. HP: 24/24 MP: 1/1
   109 | D:1      | You fall into a shaft and drop 1 floor!
   133 | D:2      | Reached XP level 2. HP: 29/32 MP: 2/2
   862 | D:1      | Reached XP level 3. HP: 36/40 MP: 3/3
  1338 | D:3      | Noticed a scorpion
  1352 | D:3      | Killed a scorpion
  1353 | D:3      | Reached skill level 1 in Armour
  1353 | D:3      | Reached XP level 4. HP: 35/49 MP: 4/4
  1710 | D:3      | Reached XP level 5. HP: 55/55 MP: 5/5
  2171 | D:4      | Slain by an orc

Illustrated notes

Levels and vault maps discovered:
D:1:      lordsloth_arrival_two_stooges, layout_rooms, minivault_14
D:2:      layout_loops_ring
D:3:      layout_rooms
D:4:      layout_cave_pools, mainiacjoe_overflow_alcove_4,
          minmay_fractal_squares_gapless_5

Skill      XL: |  1  2  3 |
---------------+----------+-----
Dodging        | 3 |  3.3
Shields        | 3 |  3.3
Armour         | 1 |  1.4
Fighting       | |  4.9
Polearms       | |  2.8

Action                   |  1- 3 |  4- 6 || total
-------------------------+-------+-------++-------
Melee: Trident           |   113 |    35 ||   148
  Use: Potion            |       |     1 ||     1
 Stab: Sleeping          |     1 |       ||     1
Armor: Robe              |    35 |     4 ||    39
Dodge: Dodged            |    29 |    11 ||    40
Block: Kite shield       |    58 |    19 ||    77
